MLB
KANSAS CITY ROYALS @ DETROIT TIGERS
03/25/2042
 
TOP OF THE 1ST
Kansas City Royals batting - Pitching for Detroit Tigers : LHP Alvin Williams
Pitching: LHP Alvin Williams
Batting: RHB Cliff O'Halloran 0-0: Ball
1-0: Ground out 5-3 (Groundball, 56S, EV 71.3 MPH)
Batting: RHB Chad Morgan 0-0: Ball
1-0: DOUBLE (Flyball, 8RXD, EV 104.4 MPH)
Batting: LHB Luis Díaz 0-0: Called Strike
0-1: Ball
1-1: Ball
2-1: Called Strike
2-2: Ball
3-2: Fly out, F6 (Popup, 4MD, EV 61.3 MPH)
Batting: RHB Jerry Hodge 0-0: Called Strike
0-1: Foul Ball, location: 2F
0-2: Fly out, F8 (Flyball, 89M, EV 84.4 MPH)
Top of the 1st over - 0 runs, 1 hit, 0 errors, 1 left on base; Kansas City 0 - Detroit 0
BOTTOM OF THE 1ST
Detroit Tigers batting - Pitching for Kansas City Royals : RHP Cal Griffin
Pitching: RHP Cal Griffin
Batting: RHB Luis Martínez 0-0: Called Strike
0-1: Foul Ball, location: 9LMF
0-2: Foul Ball, location: 2F
0-2: Foul Ball, location: 2LF
0-2: Ball
1-2: Foul Ball, location: 2F
1-2: Ground out 6-3 (Groundball, 6, EV 106.3 MPH)
Batting: LHB Luis Arroyo 0-0: Called Strike
0-1: Foul Ball, location: 3DF
0-2: Foul Ball, location: 2F
0-2: Ball
1-2: Ball
2-2: SOLO HOME RUN (Flyball, 9D, EV 94.4 MPH), Distance : 366 ft
Batting: LHB Eric Mason 0-0: SOLO HOME RUN (Flyball, 9D, EV 97.5 MPH), Distance : 379 ft
Batting: LHB Gene Keys 0-0: Ball
1-0: Called Strike
1-1: Ball
2-1: Ground out 4-3 (Groundball, 4, EV 91.9 MPH)
Batting: LHB Kevin Richter 0-0: Ball
1-0: Ball
2-0: Fly out, F8 (Flyball, 8LXD, EV 104.4 MPH)
Bottom of the 1st over - 2 runs, 2 hits, 0 errors, 0 left on base; Kansas City 0 - Detroit 2
TOP OF THE 2ND
Kansas City Royals batting - Pitching for Detroit Tigers : LHP Alvin Williams
Batting: LHB Joe Jacobson 0-0: Called Strike
0-1: Foul Ball, location: 2F
0-2: Ball
1-2: Foul Ball, location: 3DF
1-2: Foul Ball, location: 7LMF
1-2: Ball
2-2: Ball
3-2: Strikes out looking
Batting: RHB Jorge Velázquez 0-0: Called Strike
0-1: Foul Ball, location: 5F
0-2: Ball
1-2: Strikes out swinging
Batting: RHB José Ramos 0-0: Ball
1-0: Called Strike
1-1: Ball
2-1: Fly out, F6 (Popup, 6MD, EV 48.1 MPH)
Top of the 2nd over - 0 runs, 0 hits, 0 errors, 0 left on base; Kansas City 0 - Detroit 2
BOTTOM OF THE 2ND
Detroit Tigers batting - Pitching for Kansas City Royals : RHP Cal Griffin
Batting: LHB Shawn Kline 0-0: Ball
1-0: SINGLE (Groundball, 4D, EV 106.3 MPH)
Batting: RHB Lião Palma 0-0: Foul Ball, location: 2F
0-1: Ball
1-1: Swinging Strike
1-2: Ball
2-2: Foul Ball, location: 2F
2-2: Foul Ball, location: 9LMF
2-2: Foul Ball, location: 2F
2-2: SINGLE (Groundball, 4MD, EV 96.3 MPH)
Shawn Kline to second
Batting: RHB Jesús Barajas 0-0: Ball
1-0: Ball
2-0: Called Strike
2-1: Swinging Strike
2-2: Ground out 6-3 (Groundball, 6M, EV 104.4 MPH)
Shawn Kline to third
Lião Palma to second
Batting: LHB Sam Brock 0-0: Called Strike
0-1: Ball
1-1: Foul Ball, location: 25FF
1-2: Ball
2-2: Strikes out looking
Batting: RHB Luis Martínez 0-0: Foul Ball, location: 9LSF
0-1: Ball
1-1: Ball
2-1: Foul Ball, location: 5FF
2-2: DOUBLE (Flyball, 89XD, EV 101.9 MPH)
Shawn Kline scores
Lião Palma scores
Batting: LHB Luis Arroyo 0-0: Foul Ball, location: 2F
0-1: Foul Ball, location: 3FF
0-2: TRIPLE (Line Drive, 89D, EV 103.1 MPH)
Luis Martínez scores
Batting: LHB Eric Mason 0-0: Called Strike
0-1: Ball
1-1: Foul Ball, location: 2F
1-2: Foul Ball, location: 2LF
1-2: Ground out 4-3 (Groundball, 34, EV 88.8 MPH)
Bottom of the 2nd over - 3 runs, 4 hits, 0 errors, 1 left on base; Kansas City 0 - Detroit 5
TOP OF THE 3RD
Kansas City Royals batting - Pitching for Detroit Tigers : LHP Alvin Williams
Batting: LHB Freddy López 0-0: Ground out 3-1 (Groundball, 34S, EV 87.5 MPH)
Batting: RHB Juan Quintana 0-0: Ball
1-0: Foul Ball, location: 5SF
1-1: Ball
2-1: Swinging Strike
2-2: Ball
3-2: Strikes out looking
Batting: RHB Cliff O'Halloran 0-0: Fly out, F8 (Flyball, 8RD, EV 109.4 MPH)
Top of the 3rd over - 0 runs, 0 hits, 0 errors, 0 left on base; Kansas City 0 - Detroit 5
BOTTOM OF THE 3RD
Detroit Tigers batting - Pitching for Kansas City Royals : RHP Cal Griffin
Pitching: RHP Willie Day
Batting: LHB Gene Keys 0-0: Ball
1-0: Called Strike
1-1: Ball
2-1: Ground out 6-3 (Groundball, 56D, EV 97.5 MPH)
Batting: LHB Kevin Richter 0-0: Foul Ball, location: 3F
0-1: Foul Ball, location: 23FF
0-2: Ball
1-2: Ball
2-2: Foul Ball, location: 7LSF
2-2: Foul Ball, location: 2F
2-2: Foul Ball, location: 3FF
2-2: Strikes out looking
Batting: LHB Shawn Kline 0-0: Ball
1-0: Ground out 6-3 (Groundball, 6, EV 80.0 MPH)
Bottom of the 3rd over - 0 runs, 0 hits, 0 errors, 0 left on base; Kansas City 0 - Detroit 5
TOP OF THE 4TH
Kansas City Royals batting - Pitching for Detroit Tigers : LHP Alvin Williams
Batting: RHB Chad Morgan 0-0: Foul Ball, location: 5SF
0-1: Foul Ball, location: 2F
0-2: Ball
1-2: Ball
2-2: SINGLE (Line Drive, 4M, EV 108.1 MPH)
Batting: LHB Luis Díaz 0-0: Ball
1-0: Ball
2-0: Foul Ball, location: 2F
2-1: 2-RUN HOME RUN (Flyball, 8LXD, EV 110.0 MPH), Distance : 440 ft
Batting: RHB Jerry Hodge 0-0: Ball
1-0: Called Strike
1-1: Called Strike
1-2: Strikes out swinging passed ball, reaches first!
Batting: LHB Joe Jacobson 0-0: Called Strike
0-1: Called Strike
0-2: Fly out, F9 (Flyball, 9S, EV 83.8 MPH)
Batting: RHB Jorge Velázquez 0-0: Called Strike
0-1: Ball
1-1: Called Strike
1-2: Hit by Pitch
Jerry Hodge to second
Batting: RHB José Ramos 0-0: Foul Ball, location: 2F
0-1: Fly out, F4 (Popup, 6M, EV 52.5 MPH)
Batting: LHB Freddy López 0-0: Ball
1-0: Ball
2-0: Ball
3-0: Called Strike
3-1: Fly out, F8 (Flyball, 8LM, EV 100.0 MPH)
Top of the 4th over - 2 runs, 2 hits, 0 errors, 2 left on base; Kansas City 2 - Detroit 5
BOTTOM OF THE 4TH
Detroit Tigers batting - Pitching for Kansas City Royals : RHP Willie Day
Batting: RHB Lião Palma 0-0: Foul Ball, location: 7LDF
0-1: Called Strike
0-2: Strikes out swinging
Batting: RHB Jesús Barajas 0-0: Foul Ball, location: 2RF
0-1: Called Strike
0-2: Ball
1-2: SINGLE (Groundball, 34D, EV 99.4 MPH)
Batting: LHB Sam Brock 0-0: Called Strike
0-1: Called Strike
0-2: Strikes out swinging
Batting: RHB Luis Martínez 0-0: Called Strike
0-1: Foul Ball, location: 2F
0-2: Ball
1-2: Strikes out looking
Bottom of the 4th over - 0 runs, 1 hit, 0 errors, 1 left on base; Kansas City 2 - Detroit 5
TOP OF THE 5TH
Kansas City Royals batting - Pitching for Detroit Tigers : LHP Alvin Williams
Batting: RHB Juan Quintana 0-0: Ball
1-0: Foul Ball, location: 9LMF
1-1: SINGLE (Line Drive, 8RS, EV 98.1 MPH)
Batting: RHB Cliff O'Halloran 0-0: Swinging Strike
0-1: Called Strike
0-2: Ball
1-2: Fly out, F9 (Flyball, 9, EV 92.5 MPH)
Batting: LHB Kade Brown 0-0: Called Strike
0-1: Ball
1-1: Ball
2-1: Ball
3-1: Foul Ball, location: 25F
3-2: Foul Ball, location: 9LDF
3-2: Base on Balls
Juan Quintana to second
Pinch Hitting: RHB Cisco Gómez 0-0: Called Strike
0-1: Swinging Strike
0-2: Strikes out swinging
Pitching: RHP Zander Sanders
Batting: RHB Jerry Hodge 0-0: Swinging Strike
0-1: Ball
1-1: Called Strike
1-2: Ball
2-2: Foul Ball, location: 23FF
2-2: SINGLE (Line Drive, 34, EV 96.9 MPH)
Juan Quintana to third
Kade Brown to second
Runner from 3rd tries for Home, SAFE, throw by RF to home
Batting: LHB Joe Jacobson 0-0: Ball
1-0: Ball
2-0: Foul Ball, location: 7LSF
2-1: Foul Ball, location: 2F
2-2: Ball
3-2: Foul Ball, location: 25F
3-2: Fly out, F8 (Flyball, 8LD, EV 92.5 MPH)
Top of the 5th over - 1 run, 2 hits, 0 errors, 2 left on base; Kansas City 3 - Detroit 5
BOTTOM OF THE 5TH
Detroit Tigers batting - Pitching for Kansas City Royals : RHP Willie Day
Pitching: RHP Chris Goodwin
Now at 1B: Cisco Gómez
Batting: LHB Luis Arroyo 0-0: Called Strike
0-1: Foul Ball, location: 23FF
0-2: Ball
1-2: Strikes out swinging
Batting: LHB Omar Padilla 0-0: Ball
1-0: Ball
2-0: Foul Ball, location: 3FF
2-1: Swinging Strike
2-2: Ground out 4-3 (Groundball, 4, EV 82.5 MPH)
Batting: LHB Gene Keys 0-0: Ball
1-0: Ball
2-0: SINGLE (Groundball, 34D, EV 102.5 MPH)
Pinch Hitting: LHB José Perea 0-0: Ball
1-0: Ball
2-0: Ball
3-0: Base on Balls
Gene Keys to second
Batting: LHB Shawn Kline 0-0: Foul Ball, location: 5F
0-1: Foul Ball, location: 5DF
0-2: Strikes out looking
Bottom of the 5th over - 0 runs, 1 hit, 0 errors, 2 left on base; Kansas City 3 - Detroit 5
TOP OF THE 6TH
Kansas City Royals batting - Pitching for Detroit Tigers : RHP Zander Sanders
Now at SS: Jorge Figueroa
Now in LF: José Perea
Now in RF: Sam Brock
Batting: RHB Jorge Velázquez 0-0: Fly out, F7 (Flyball, 7, EV 85.6 MPH)
Pinch Hitting: SHB Joseph Tornatore 0-0: Called Strike
0-1: Foul Ball, location: 5SF
0-2: Foul Ball, location: 3SF
0-2: Ball
1-2: Ball
2-2: Foul Ball, location: 2F
2-2: Ball
3-2: Foul Ball, location: 5DF
3-2: Foul Ball, location: 5F
3-2: Base on Balls
Batting: LHB Freddy López 0-0: Ball
Wild Pitch!
Joseph Tornatore to second
1-0: Called Strike
1-1: Ball
2-1: Foul Ball, location: 25F
2-2: Strikes out swinging
Batting: RHB Juan Quintana 0-0: Called Strike
0-1: Ball
1-1: Ground out U3 (Groundball, 3L, EV 92.5 MPH)
Top of the 6th over - 0 runs, 0 hits, 0 errors, 1 left on base; Kansas City 3 - Detroit 5
BOTTOM OF THE 6TH
Detroit Tigers batting - Pitching for Kansas City Royals : RHP Chris Goodwin
Pitching: RHP Andy McClendon
Now at C: Cristián Soto
Now at SS: Joseph Tornatore
Batting: SHB Jorge Figueroa 0-0: SINGLE (Groundball, 6S, EV 68.8 MPH) (infield hit)
Pinch Hitting: RHB Joaquín Medina 0-0: Called Strike
0-1: Ball
1-1: Ball
2-1: Called Strike
2-2: Ball
3-2: Fly out, F2 (Popup, 2LF, EV 87.5 MPH)
Pinch Hitting: LHB Bob Mundarain 0-0: Ball
1-0: Swinging Strike
1-1: Foul Ball, location: 2F
1-2: DOUBLE (Line Drive, 78XD, EV 102.5 MPH)
Jorge Figueroa to third
Pinch Hitting: LHB António García 0-0: Called Strike
0-1: Ball
1-1: Ground out U3 (Groundball, 3, EV 100.6 MPH)
Batting: LHB Luis Arroyo 0-0: Ball
1-0: Fly out, F9 (Flyball, 89S, EV 85.0 MPH)
Bottom of the 6th over - 0 runs, 2 hits, 0 errors, 2 left on base; Kansas City 3 - Detroit 5
TOP OF THE 7TH
Kansas City Royals batting - Pitching for Detroit Tigers : RHP Zander Sanders
Now at 2B: Joaquín Medina
Now at 3B: António García
Now in LF: Bob Mundarain
Now in RF: José Perea
Batting: RHB Cliff O'Halloran 0-0: Ball
1-0: Ball
2-0: Called Strike
2-1: Ball
3-1: Base on Balls
Pitching: RHP Héctor Escamilla
Batting: LHB Kade Brown 0-0: Swinging Strike
0-1: Ball
1-1: Called Strike
1-2: Strikes out swinging
Batting: RHB Cisco Gómez 0-0: Ball
1-0: Called Strike
1-1: Foul Ball, location: 3DF
1-2: Foul Ball, location: 5F
1-2: Grounds into double play, 6-4-3 (Groundball, 6, EV 87.5 MPH)
Top of the 7th over - 0 runs, 0 hits, 0 errors, 0 left on base; Kansas City 3 - Detroit 5
BOTTOM OF THE 7TH
Detroit Tigers batting - Pitching for Kansas City Royals : RHP Andy McClendon
Pitching: LHP Tim Foster
Batting: LHB Omar Padilla 0-0: Called Strike
0-1: Ball
1-1: Called Strike
1-2: Foul Ball, location: 9LMFF
1-2: Strikes out swinging
Pinch Hitting: RHB Tache Grigore 0-0: Called Strike
0-1: Foul Ball, location: 2F
0-2: Fly out, F6 (Line Drive, 6M, EV 71.9 MPH)
Batting: LHB José Perea 0-0: Swinging Strike
0-1: Swinging Strike
0-2: Strikes out looking
Bottom of the 7th over - 0 runs, 0 hits, 0 errors, 0 left on base; Kansas City 3 - Detroit 5
TOP OF THE 8TH
Kansas City Royals batting - Pitching for Detroit Tigers : RHP Héctor Escamilla
Pitching: RHP Giuseppe Psaquale
Now at 1B: José García
Batting: RHB Jerry Hodge 0-0: Called Strike
0-1: Ball
1-1: Ball
2-1: Foul Ball, location: 2F
2-2: Ball
3-2: SINGLE (Groundball, 6MD, EV 99.4 MPH)
Batting: LHB Joe Jacobson 0-0: Ball
1-0: Called Strike
1-1: Foul Ball, location: 7LSF
1-2: Foul Ball, location: 2F
1-2: Ball
2-2: Grounds into double play, 4-6-3 (Groundball, 4, EV 103.1 MPH)
Batting: RHB Cristián Soto 0-0: Foul Ball, location: 2F
0-1: Foul Ball, location: 7LDF
0-2: Foul Ball, location: 25F
0-2: Foul Ball, location: 2F
0-2: Fly out, F8 (Flyball, 8LD, EV 85.6 MPH)
Top of the 8th over - 0 runs, 1 hit, 0 errors, 0 left on base; Kansas City 3 - Detroit 5
BOTTOM OF THE 8TH
Detroit Tigers batting - Pitching for Kansas City Royals : LHP Tim Foster
Pitching: LHP Claude Myers
Batting: LHB Shawn Kline 0-0: Foul Ball, location: 2F
0-1: Ball
1-1: Called Strike
1-2: Strikes out looking
Batting: SHB Jorge Figueroa 0-0: Ball
1-0: Fly out, F8 (Flyball, 8RM, EV 90.0 MPH)
Batting: RHB Joaquín Medina 0-0: Ball
1-0: Ball
2-0: Foul Ball, location: 25F
2-1: Ball
3-1: Foul Ball, location: 2F
3-2: Base on Balls
Batting: LHB Bob Mundarain 0-0: Called Strike
0-1: Ball
1-1: Foul Ball, location: 7LSF
1-2: Fly out, F7 (Line Drive, 78M, EV 86.3 MPH)
Bottom of the 8th over - 0 runs, 0 hits, 0 errors, 1 left on base; Kansas City 3 - Detroit 5
TOP OF THE 9TH
Kansas City Royals batting - Pitching for Detroit Tigers : RHP Giuseppe Psaquale
Pitching: RHP Danny Seals
Batting: SHB Joseph Tornatore 0-0: SINGLE (Groundball, 4D, EV 103.8 MPH)
Batting: LHB Freddy López 0-0: Ball
1-0: Called Strike
1-1: Ball
2-1: Ball
3-1: Grounds into double play, 4-6-3 (Groundball, 4, EV 102.5 MPH)
Batting: RHB Juan Quintana 0-0: Foul Ball, location: 2F
0-1: Ball
1-1: Ball
2-1: TRIPLE (Flyball, 8RXD, EV 91.9 MPH)
Batting: RHB Cliff O'Halloran 0-0: Ball
1-0: Swinging Strike
1-1: Ball
2-1: Called Strike
2-2: Ball
3-2: Strikes out swinging
Top of the 9th over - 0 runs, 2 hits, 0 errors, 1 left on base; Kansas City 3 - Detroit 5
Friday, May 3rd , 2024 - OOTP Baseball 24.10 Build 82